Workbook
Name \0: #REF!
Name \00: #REF!
Name \a: #REF!
Name \AA: #REF!
Name \b: #REF!
Name \bb: #REF!
Name \E: #REF!
Name \EE: #REF!
Name \G: #REF!
Name \k: #REF!
Name \l: #REF!
Name \M: #REF!
Name \ñ: #REF!
Name \P: #REF!
Name \R: #REF!
Name \s: #REF!
Name \V: #REF!
Name \X: [0]!ERR
Name \Z: [0]!ERR
Name __________________A1: IF([0]!Values_Entered,Header_Row+[0]!Number_of_Payments,Header_Row)
Name __________________A17000: #REF!
Name __________________A20000: #REF!
Name __________________A30000: #REF!
Name __________________G1: DATE(YEAR([0]!Loan_Start),MONTH([0]!Loan_Start)+Payment_Number,DAY([0]!Loan_Start))
Name __________________PJ50: #REF!
Name __________________v1: IF(__________________v8,Header_Row+__________________v4,Header_Row)
Name __________________v2: IF(__________________v8,Header_Row+__________________v4,Header_Row)
Name __________________v4: MATCH(0.01,[0]!End_Bal,-1)+1
Name __________________v5: DATE(YEAR([0]!Loan_Start),MONTH([0]!Loan_Start)+Payment_Number,DAY([0]!Loan_Start))
Name __________________v6: OFFSET([0]!Full_Print,0,0,__________________v2)
Name __________________v7: Scheduled_Payment+Extra_Payment
Name __________________v8: IF([0]!Loan_Amount*[0]!Interest_Rate*[0]!Loan_Years*[0]!Loan_Start>0,1,0)
Name __________________w1: IF(__________________w7,Header_Row+__________________w3,Header_Row)
Name __________________w2: IF(__________________w7,Header_Row+__________________w3,Header_Row)
Name __________________w3: MATCH(0.01,[0]!End_Bal,-1)+1
Name __________________w4: DATE(YEAR([0]!Loan_Start),MONTH([0]!Loan_Start)+Payment_Number,DAY([0]!Loan_Start))
Name __________________w5: OFFSET([0]!Full_Print,0,0,__________________w2)
Name __________________w6: Scheduled_Payment+Extra_Payment
Name __________________w7: IF([0]!Loan_Amount*[0]!Interest_Rate*[0]!Loan_Years*[0]!Loan_Start>0,1,0)
Name __________________X1: IF(__________________X7,Header_Row+__________________X3,Header_Row)
Name __________________X2: IF(__________________X7,Header_Row+__________________X3,Header_Row)
Name __________________X3: MATCH(0.01,[0]!End_Bal,-1)+1
Name __________________X4: DATE(YEAR([0]!Loan_Start),MONTH([0]!Loan_Start)+Payment_Number,DAY([0]!Loan_Start))
Name __________________X5: OFFSET([0]!Full_Print,0,0,__________________X2)
Name __________________X6: Scheduled_Payment+Extra_Payment
Name __________________X7: IF([0]!Loan_Amount*[0]!Interest_Rate*[0]!Loan_Years*[0]!Loan_Start>0,1,0)
Name __________________y2: IF(__________________y7,Header_Row+__________________y3,Header_Row)
Name __________________y3: MATCH(0.01,[0]!End_Bal,-1)+1
Name __________________y4: DATE(YEAR([0]!Loan_Start),MONTH([0]!Loan_Start)+Payment_Number,DAY([0]!Loan_Start))
Name __________________y5: OFFSET([0]!Full_Print,0,0,__________________y2)
Name __________________y6: Scheduled_Payment+Extra_Payment
Name __________________y7: IF([0]!Loan_Amount*[0]!Interest_Rate*[0]!Loan_Years*[0]!Loan_Start>0,1,0)
Name __________________z1: IF(__________________z7,Header_Row+__________________z3,Header_Row)
Name __________________z2: IF(__________________z7,Header_Row+__________________z3,Header_Row)
Name __________________z3: MATCH(0.01,[0]!End_Bal,-1)+1
Name __________________z4: DATE(YEAR([0]!Loan_Start),MONTH([0]!Loan_Start)+Payment_Number,DAY([0]!Loan_Start))
Name __________________z5: OFFSET([0]!Full_Print,0,0,__________________z2)
Name __________________z6: Scheduled_Payment+Extra_Payment
Name __________________z7: IF([0]!Loan_Amount*[0]!Interest_Rate*[0]!Loan_Years*[0]!Loan_Start>0,1,0)
Name _________________IPC2002: #REF!

Sheet PRESUPUESTO OFICIAL (Entidad)
C3: FORMULARIO 1
C4: PRESUPUESTO OFICIAL
C5: IP-DT-OCA-020-2023
C6: OBJETO: HABILITAR Y/O BRINDAR TRANSITABILIDAD EN LA RED VIAL A CARGO DEL INVIAS, A TRAVES DEL SISTEMA DE MONTO AGOTABLE, EN VIAS A CARGO DE LA DIRECCION TERRITORIAL OCAÑA
C7: [La Entidad puede utilizar este formulario de detalle del presupuesto oficial para determinar las condiciones bajo las cuales los Proponentes analizarán y presentarán su propuesta económica de forma detallada, sin perjuicio que la Entidad pueda modificarlo o establecer la presentación de la oferta económica con un formulario distinto al indicado.] [El presente Formulario aplica para los Procesos de Contratación que tengan como forma de pago precios unitarios. Tratándose de otras modalidades de pago, la Entidad debe ajustarlo cuando corresponde a: precio global, llave en mano, administración delegada, reembolso de gastos o cualquier otra forma de pago.]
C9: Adicionalmente, cuando el proceso de contratación es estructurado por precios unitarios, la Entidad debe aplicar las notas 1, 2 y 3 del presente formulario y las casillas de "Descripción", "Porcentaje" de la Administración, Imprevisto, Utilidad y total A.I.U. resaltadas en color amarillo. Tratándose de otras modalidades de precio, la Entidad puede o no configurar los mismos aspectos.
C11: Nº | D11: ÍTEM DE PAGO | E11: ESPECIFICACIONES | G11: DESCRIPCIÓN | H11: UND. | I11: CANTIDAD | J11: VALOR UNITARIO | K11: VALOR TOTAL
E12: GENERAL | F12: PARTICULAR
C13: I. EXCAVACIONES
C14: 1 | D14: 211.1 | E14: 211-22 | G14: REMOCIÓN DE DERRUMBES | H14: m3 | I14: 1512 | J14: =+'211.1'!N110 -> 23852 | K14: =+I14*J14 -> 36064224
C15: Subtotal | K15: =+K14 -> 36064224
C16: II. ESTRUCTURAS
C17: 3 | D17: 600.1.1 | E17: 600-22 | G17: EXCAVACIONES VARIAS SIN CLASIFICAR | H17: m3 | I17: 10 | J17: =+'600.1.1'!N110 -> 55553 | K17: =+I17*J17 -> 555530
C18: 4 | D18: 610.2 | E18: 610-22 | G18: RELLENOS PARA ESTRUCTURAS CON RECEBO. | H18: m3 | I18: 10 | J18: =+'610.2'!N110 -> 127913 | K18: =+I18*J18 -> 1279130
C19: 5 | D19: 630.1.4.1 | E19: 630-22 | G19: CONCRETO RESISTENCIA 21MPA (D) - MEZCLA IN SITU | H19: M3 | I19: 15 | J19: =+'630.1.4.1'!N110 -> 1096869 | K19: =+I19*J19 -> 16453035
C20: 6 | D20: 630.1.6 | E20: 630-22 | G20: CONCRETO RESISTENCIA 14MPA (F) | H20: M3 | I20: 10 | J20: =+'630.1.6'!N110 -> 590419 | K20: =+I20*J20 -> 5904190
C21: 7 | D21: 640.1 | E21: 640-22 | G21: ACERO DE REFUERZO FY 4200 MPA | H21: KG | I21: 400 | J21: =+'640.1'!N110 -> 8971 | K21: =+I21*J21 -> 3588400
C22: 5 | D22: 681.1 | E22: 681-22 | G22: GAVIONES DE MALLA DE ALAMBRE DE ACERO ENTRELAZADO CLASE 1; RECUBRIMIENTO DE ZINC (GALVANIZADO) | H22: m3 | I22: 9 | J22: =+'681.1'!N110 -> 374349 | K22: =+I22*J22 -> 3369141
C23: Subtotal | K23: =SUM(K17:K22) -> 31149426
C24: III. TRANSPORTE
C25: 2 | D25: 900.3.1 | E25: 900-22 | G25: TRANSPORTE DE MATERIALES PROVENIENTES DE DERRUMBES, MEDIDO A PARTIR DE CIEN METROS (100 M) | H25: m3-Km | I25: =I14*7 -> 10584 | J25: =+'900.3.1'!N110 -> 4201 | K25: =+J25*I25 -> 44463384
C26: Subtotal | K26: =+K25 -> 44463384
C27: SUBTOTAL OBRAS | K27: =+K26+K23+K15 -> 111677034
G29: SUBTOTAL OBRAS | K29: =ROUND(+K27,0) -> 111677034
G30: Plan de Adaptación a la Guía Ambiental - PAGA | K30: 2000000 | P30: =+(K26+K15)/K36 -> 0.69420352
G31: IVA 19% PAGA | K31: =+K30*0.19 -> 380000
G32: PROVISION PARA JORNADAS DE TRABAJO 24 HORAS DIARIAS 7 DIAS DE LA SEMANA | K32: 1124936
G33: VALOR TOTAL BASICO DE OBRA | K33: =+K32+K29 -> 112801970
G34: VALOR IVA OBRA (19% SOBRE UTILIDAD OBRA) | K34: =ROUND(+K33/1.31*0.05*0.19,0) -> 818030
G35: SUBTOTAL OBRAS (INCLUYE IVA) | K35: =+K34+K33 -> 113620000
G36: VALOR TOTAL OBRA | K36: =+K35+K31+K30 -> 116000000 | O36: =+K36-116000000 -> 0
C39: NOTA 1: Se debe tener en cuenta que el PRECIO UNITARIO incluye el valor de AIU. | H39: DESCRIPCION | K39: PORCENTAJE
C40: NOTA 2: Cuando la fracción decimal del peso sea igual o superior a 5 se aproximará por exceso al número entero siguiente del peso y cuando la fracción decimal del peso sea inferior a 5 se aproximará por defecto al número entero del peso. | H40: ADMINISTRACIÓN | J40: A= | K40: 0.21
C41: NOTA 3: El AIU y su discriminación deben estar en porcentaje (%). | H41: IMPREVISTO | J41: I= | K41: 0.05
H42: UTILIDAD | J42: U= | K42: 0.05
H43: TOTAL A.I.U | J43: A.I.U.= | K43: =+K40+K41+K42 -> 0.31

Sheet PROPUESTA ECONOMICA(Proponente)
C3: FORMULARIO 1
C4: PROPUESTA ECONOMICA
C5: IP-DT-OCA-020-2023
C6: OBJETO: HABILITAR Y/O BRINDAR TRANSITABILIDAD EN LA RED VIAL A CARGO DEL INVIAS, A TRAVES DEL SISTEMA DE MONTO AGOTABLE, EN VIAS A CARGO DE LA DIRECCION TERRITORIAL OCAÑA
C8: Nº | D8: ÍTEM DE PAGO | E8: ESPECIFICACIONES | G8: DESCRIPCIÓN | H8: UND. | I8: CANTIDAD | J8: VALOR UNITARIO | K8: VALOR TOTAL
E9: GENERAL | F9: PARTICULAR
C10: I. EXCAVACIONES
C11: 1 | D11: 211.1 | E11: 211-22 | G11: REMOCIÓN DE DERRUMBES | H11: m3 | I11: 1512
C12: Subtotal
C13: II. ESTRUCTURAS
C14: 3 | D14: 600.1.1 | E14: 600-22 | G14: EXCAVACIONES VARIAS SIN CLASIFICAR | H14: m3 | I14: 10
C15: 4 | D15: 610.2 | E15: 610-22 | G15: RELLENOS PARA ESTRUCTURAS CON RECEBO. | H15: m3 | I15: 10
C16: 5 | D16: 630.1.4.1 | E16: 630-22 | G16: CONCRETO RESISTENCIA 21MPA (D) - MEZCLA IN SITU | H16: M3 | I16: 15
C17: 6 | D17: 630.1.6 | E17: 630-22 | G17: CONCRETO RESISTENCIA 14MPA (F) | H17: M3 | I17: 10
C18: 7 | D18: 640.1 | E18: 640-22 | G18: ACERO DE REFUERZO FY 4200 MPA | H18: KG | I18: 400
C19: 5 | D19: 681.1 | E19: 681-22 | G19: GAVIONES DE MALLA DE ALAMBRE DE ACERO ENTRELAZADO CLASE 1; RECUBRIMIENTO DE ZINC (GALVANIZADO) | H19: m3 | I19: 9
C20: Subtotal
C21: III. TRANSPORTE
C22: 2 | D22: 900.3.1 | E22: 900-22 | G22: TRANSPORTE DE MATERIALES PROVENIENTES DE DERRUMBES, MEDIDO A PARTIR DE CIEN METROS (100 M) | H22: m3-Km | I22: 10584
C23: Subtotal
C24: SUBTOTAL OBRAS
G26: SUBTOTAL OBRAS
G27: Plan de Adaptación a la Guía Ambiental - PAGA
G28: IVA 19% PAGA
G29: PROVISION PARA JORNADAS DE TRABAJO 24 HORAS DIARIAS 7 DIAS DE LA SEMANA
G30: VALOR TOTAL BASICO DE OBRA
G31: VALOR IVA OBRA (19% SOBRE UTILIDAD OBRA)
G32: SUBTOTAL OBRAS (INCLUYE IVA)
G33: VALOR TOTAL OBRA
C36: NOTA 1: Se debe tener en cuenta que el PRECIO UNITARIO incluye el valor de AIU. | H36: DESCRIPCION | K36: PORCENTAJE
C37: NOTA 2: Cuando la fracción decimal del peso sea igual o superior a 5 se aproximará por exceso al número entero siguiente del peso y cuando la fracción decimal del peso sea inferior a 5 se aproximará por defecto al número entero del peso. | H37: ADMINISTRACIÓN | J37: A= | K37: 0.21
C38: NOTA 3: El AIU y su discriminación deben estar en porcentaje (%). | H38: IMPREVISTO | J38: I= | K38: 0.05
H39: UTILIDAD | J39: U= | K39: 0.05
H40: TOTAL A.I.U | J40: A.I.U.= | K40: =+K37+K38+K39 -> 0.31
G44: Firma del Proponente o de su Representante Legal

Sheet 211.1
K1: CÓDIGO | L1: FR-APU-1
C2: INSTITUTO NACIONAL DE VIAS
C3: ANÁLISIS DE PRECIOS UNITARIOS DE REFERENCIA REGIONALIZADOS | K3: VERSIÓN | L3: 2021
C5: ACTUALIZACIÓN PERIÓDICA | K5: PÁGINA
K8: FECHA
L9: (Día) | M9: (Mes) | N9: (Año)
B10: ÍTEM BASE DE APU DE REFERENCIA: | E10: ⊠ | F10: PUBLICACIÓN: | H10: =+'[1]210.2.4'!H10 -> 2023 - 1 JUNIO 2023
B12: ÍTEM DE PROYECTO PARTICULAR:
B13: ÍTEM DE LA PROPUESTA ECONÓMICA: | E13: □ | H13: ÍTEM NO PREVISTO: | J13: □ | K13: ÍTEM APU PARTICULAR: | M13: □
B14: UNIDAD EJECUTORA: | J14: DIRECCIÓN TERRITORIAL:
B17: CONTRATO No. | D17: FECHA:
B18: OBJETO DEL CONTRATO:
B21: CARRETERA: | J21: SECTOR:
B23: CONTRATISTA:
B25: INTERVENTOR: | K25: CONTRATO No. | M25: FECHA: | N25: ______________
B27: FECHA DE CIERRE DEL PROCESO DE SELECCIÓN DEL CONTRATO: | I27: / | J27: /
F28: (Día) | H28: (Día) | I28: (Mes) | J28: (Año)
B30: DATOS ESPECÍFICOS
B32: ÍTEM | C32: DESCRIPCIÓN | J32: GRUPO DE AJUSTE | L32: UNIDAD | N32: CANTIDAD
B33: 211.1 | C33: REMOCIÓN DE DERRUMBES | L33: m3
B35: I. EQUIPO
B37: CÓDIGO | C37: DESCRIPCIÓN | J37: TIPO | K37: TARIFA/HORA | L37: RENDIMIENTO | N37: Vr. UNITARIO
B38: C0010130 | C38: Cargador: potencia en el volante 110 hp, clasificación de rpm del motor 2300 | K38: 240624.4 | L38: =1/43.25 -> 0.023121387 | N38: =K38*L38 -> 5563.5699
B39: C0010790 | C39: Retroexcavadora sobre oruga, potencia 158 kw, balde de 1.5 m3 | K39: 310243.24 | L39: =1/57.5 -> 0.017391304 | N39: =K39*L39 -> 5395.5346
C52: HERRAMIENTA MENOR (%) | L52: 0.05 | N52: =L52*N98 -> 38.247592
B53: SUBTOTAL $ | N53: =SUM(N38:N52) -> 10997.352
B55: II. MATERIALES
B57: CÓDIGO | C57: DESCRIPCIÓN | J57: UNIDAD | K57: CANTIDAD | L57: PRECIO UNIT. | N57: Vr. UNITARIO
B58: B0013791 | C58: Derechos de conformación y/o disposición de materiales sobrantes (Incluye todos los costos inherentes a las posibles obras requeridas en los sitios de disposición de sobrantes) | J58: m3 | K58: 1 | L58: 6445.7018 | N58: =K58*L58 -> 6445.7018
N59: =K59*L59 -> 0
N60: =K60*L60 -> 0
N61: =K61*L61 -> 0
N62: =K62*L62 -> 0
N63: =K63*L63 -> 0
N64: =K64*L64 -> 0
N65: =K65*L65 -> 0
N66: =K66*L66 -> 0
N67: =K67*L67 -> 0
N68: =K68*L68 -> 0
N69: =K69*L69 -> 0
N70: =K70*L70 -> 0
... N72: =K72*L72 -> 0
B73: SUBTOTAL $ | N73: =SUM(N58:N72) -> 6445.7018
B75: III. TRANSPORTES
B77: CÓDIGO | C77: DESCRIPCIÓN | I77: UNIDAD | J77: CANTIDAD (1) | K77: DISTANCIA (2) | L77: (1) * (2) | M77: TARIFA | N77: Vr. UNITARIO
N78: =L78*M78 -> 0
N79: =L79*M79 -> 0
N80: =L80*M80 -> 0
N81: =L81*M81 -> 0
N82: =L82*M82 -> 0
B83: SUBTOTAL $ | N83: =SUM(N78:N82) -> 0
B85: IV. MANO DE OBRA
B87: CÓDIGO | C87: DESCRIPCIÓN | I87: JORNAL | J87: PRESTACIONES (%) | K87: JR. TOTAL | L87: RENDIMIENTO | N87: Vr. UNITARIO
B88: A0030020 | C88: Obrero (2) | I88: =K88/J88*100 -> 77333.333 | J88: 185 | K88: 143066.67 | L88: 346 | N88: =K88/L88 -> 413.48748
B89: A0040010 | C89: Oficial | I89: =K89/J89*100 -> 65733.333 | J89: 185 | K89: 121606.67 | L89: 346 | N89: =K89/L89 -> 351.46435
B98: SUBTOTAL $ | N98: =SUM(N88:N97) -> 764.95183
B100: TOTAL COSTO DIRECTO $ | N100: =N53+N73+N83+N98 -> 18208.006
B102: V. COSTOS INDIRECTOS
B104: DESCRIPCIÓN | K104: Porcentaje | L104: Valor Total
B105: ADMINISTRACION | K105: 0.21 | L105: =K105*N100 -> 3823.6812
B106: IMPREVISTOS | K106: 0.05 | L106: =K106*N100 -> 910.40029
B107: UTILIDAD | K107: 0.05 | L107: =K107*N100 -> 910.40029
B108: SUBTOTAL $ | N108: =L105+L106+L107 -> 5644.4818
B110: Precio Unitario Total Aproximado al Peso $ | N110: =ROUND(N100+N108,0) -> 23852
E115: Firma
E116: Nombre:
E117: Representante Legal del Contratista o su Apoderado
E118: Matricula No. :
B120: OBSERVACIONES INTERVENTORÍA:
B125: APROBACIÓN POR INTERVENTORÍA
B126: Nota 1: Cuando se trate de Análisis de precios unitarios correspondientes a ítems de la propuesta económica aprobada, el Interventor aprueba el desglose de los componentes manteniendo el mismo precio unitario de cada ítem, cumpliendo con las especificaciones de construcción vigentes para el proyecto.
B128: Nota 2: Cuando se trate de Análisis de precios unitarios de ítems no previstos, el Interventor aprueba el desglose y precio unitario de cada ítem no previsto, exigiendo la aplicación de los costos correspondientes a insumos y tarifas de la propuesta económica inicial cuando estén contemplados, cumpliendo con las especificaciones de construcción vigente para el proyecto.
E134: Firma
E135: Nombre:
E136: Representante Legal del Interventor o su Apoderado
E137: Matricula No. :
B139: NOTA: Los documentos publicados periódicamente son propiedad del Instituto Nacional de Vías. Su uso con fines comerciales o de lucro a cualquier título sin previa autorización, está totalmente prohibido y constituye una infracción a la normatividad vigente.

Sheet 600.1.1
K1: CÓDIGO | L1: FR-APU-1
C2: INSTITUTO NACIONAL DE VIAS
C3: ANÁLISIS DE PRECIOS UNITARIOS DE REFERENCIA REGIONALIZADOS | K3: VERSIÓN | L3: 2021
C5: ACTUALIZACIÓN PERIÓDICA | K5: PÁGINA
K8: FECHA
L9: (Día) | M9: (Mes) | N9: (Año)
B10: ÍTEM BASE DE APU DE REFERENCIA: | E10: ⊠ | F10: PUBLICACIÓN: | H10: =+'[1]510.1'!H10 -> 2023 - 1 JUNIO 2023
B12: ÍTEM DE PROYECTO PARTICULAR:
B13: ÍTEM DE LA PROPUESTA ECONÓMICA: | E13: □ | H13: ÍTEM NO PREVISTO: | J13: □ | K13: ÍTEM APU PARTICULAR: | M13: □
B14: UNIDAD EJECUTORA: | J14: DIRECCIÓN TERRITORIAL:
B17: CONTRATO No. | D17: FECHA:
B18: OBJETO DEL CONTRATO:
B21: CARRETERA: | J21: SECTOR:
B23: CONTRATISTA:
B25: INTERVENTOR: | K25: CONTRATO No. | M25: FECHA: | N25: ______________
B27: FECHA DE CIERRE DEL PROCESO DE SELECCIÓN DEL CONTRATO: | I27: / | J27: /
F28: (Día) | H28: (Día) | I28: (Mes) | J28: (Año)
B30: DATOS ESPECÍFICOS
B32: ÍTEM | C32: DESCRIPCIÓN | J32: GRUPO DE AJUSTE | L32: UNIDAD | N32: CANTIDAD
B33: 600.1.1 | C33: EXCAVACIONES VARIAS SIN CLASIFICAR | L33: m3
B35: I. EQUIPO
B37: CÓDIGO | C37: DESCRIPCIÓN | J37: TIPO | K37: TARIFA/HORA | L37: RENDIMIENTO | N37: Vr. UNITARIO
B38: C0010270 | C38: Compresor portátil de 70 a 120 HP, con martillo | K38: 148197.36 | L38: =1/25 -> 0.04 | N38: =K38*L38 -> 5927.8943
B39: C0010790 | C39: Retroexcavadora sobre oruga, potencia 158 kw, balde de 1.5 m3 | K39: 310243.24 | L39: =1/25 -> 0.04 | N39: =K39*L39 -> 12409.73
N40: =K40*L40 -> 0
N41: =K41*L41 -> 0
N42: =K42*L42 -> 0
N43: =K43*L43 -> 0
N44: =K44*L44 -> 0
N45: =K45*L45 -> 0
N46: =K46*L46 -> 0
N47: =K47*L47 -> 0
N48: =K48*L48 -> 0
N49: =K49*L49 -> 0
N50: =K50*L50 -> 0
N51: =K51*L51 -> 0
C52: HERRAMIENTA MENOR (%) | L52: 0.05 | N52: =L52*N98 -> 66.168333
B53: SUBTOTAL $ | N53: =SUM(N38:N52) -> 18403.792
B55: II. MATERIALES
B57: CÓDIGO | C57: DESCRIPCIÓN | J57: UNIDAD | K57: CANTIDAD | L57: PRECIO UNIT. | N57: Vr. UNITARIO
B58: B0013790 | C58: Derecho de explotación y/o disposición de materiales | J58: m3 | K58: 1.3 | L58: 6445.7018 | N58: =K58*L58 -> 8379.4124
N59: =K59*L59 -> 0
N60: =K60*L60 -> 0
N61: =K61*L61 -> 0
N62: =K62*L62 -> 0
N63: =K63*L63 -> 0
N64: =K64*L64 -> 0
N65: =K65*L65 -> 0
N66: =K66*L66 -> 0
N67: =K67*L67 -> 0
N68: =K68*L68 -> 0
N69: =K69*L69 -> 0
N70: =K70*L70 -> 0
... N72: =K72*L72 -> 0
B73: SUBTOTAL $ | N73: =SUM(N58:N72) -> 8379.4124
B75: III. TRANSPORTES
B77: CÓDIGO | C77: DESCRIPCIÓN | I77: UNIDAD | J77: CANTIDAD (1) | K77: DISTANCIA (2) | L77: (1) * (2) | M77: TARIFA | N77: Vr. UNITARIO
B78: T0010025 | C78: Transporte de material de excavación | I78: m3-km | J78: =K58 -> 1.3 | K78: 10 | L78: =J78*K78 -> 13 | M78: 1100 | N78: =L78*M78 -> 14300
N79: =L79*M79 -> 0
N80: =L80*M80 -> 0
N81: =L81*M81 -> 0
N82: =L82*M82 -> 0
B83: SUBTOTAL $ | N83: =SUM(N78:N82) -> 14300
B85: IV. MANO DE OBRA
B87: CÓDIGO | C87: DESCRIPCIÓN | I87: JORNAL | J87: PRESTACIONES (%) | K87: JR. TOTAL | L87: RENDIMIENTO | N87: Vr. UNITARIO
B88: A0030020 | C88: Obrero (2) | I88: =K88/J88*100 -> 77333.333 | J88: 185 | K88: 143066.67 | L88: 200 | N88: =K88/L88 -> 715.33333
B89: A0040010 | C89: Oficial | I89: =K89/J89*100 -> 65733.333 | J89: 185 | K89: 121606.67 | L89: 200 | N89: =K89/L89 -> 608.03333
B98: SUBTOTAL $ | N98: =SUM(N88:N97) -> 1323.3667
B100: TOTAL COSTO DIRECTO $ | N100: =N53+N73+N83+N98 -> 42406.571
B102: V. COSTOS INDIRECTOS
B104: DESCRIPCIÓN | K104: Porcentaje | L104: Valor Total
B105: ADMINISTRACION | K105: 0.21 | L105: =K105*N100 -> 8905.38
B106: IMPREVISTOS | K106: 0.05 | L106: =K106*N100 -> 2120.3286
B107: UTILIDAD | K107: 0.05 | L107: =K107*N100 -> 2120.3286
B108: SUBTOTAL $ | N108: =L105+L106+L107 -> 13146.037
B110: Precio Unitario Total Aproximado al Peso $ | N110: =ROUND(N100+N108,0) -> 55553
E115: Firma
E116: Nombre:
E117: Representante Legal del Contratista o su Apoderado
E118: Matricula No. :
B120: OBSERVACIONES INTERVENTORÍA:
B125: APROBACIÓN POR INTERVENTORÍA
B126: Nota 1: Cuando se trate de Análisis de precios unitarios correspondientes a ítems de la propuesta económica aprobada, el Interventor aprueba el desglose de los componentes manteniendo el mismo precio unitario de cada ítem, cumpliendo con las especificaciones de construcción vigentes para el proyecto.
B128: Nota 2: Cuando se trate de Análisis de precios unitarios de ítems no previstos, el Interventor aprueba el desglose y precio unitario de cada ítem no previsto, exigiendo la aplicación de los costos correspondientes a insumos y tarifas de la propuesta económica inicial cuando estén contemplados, cumpliendo con las especificaciones de construcción vigente para el proyecto.
E134: Firma
E135: Nombre:
E136: Representante Legal del Interventor o su Apoderado
E137: Matricula No. :
B139: NOTA: Los documentos publicados periódicamente son propiedad del Instituto Nacional de Vías. Su uso con fines comerciales o de lucro a cualquier título sin previa autorización, está totalmente prohibido y constituye una infracción a la normatividad vigente.

Sheet 610.2
K1: CÓDIGO | L1: FR-APU-1
C2: INSTITUTO NACIONAL DE VIAS
C3: ANÁLISIS DE PRECIOS UNITARIOS DE REFERENCIA REGIONALIZADOS | K3: VERSIÓN | L3: 2021
C5: ACTUALIZACIÓN PERIÓDICA | K5: PÁGINA
K8: FECHA
L9: (Día) | M9: (Mes) | N9: (Año)
B10: ÍTEM BASE DE APU DE REFERENCIA: | E10: ⊠ | F10: PUBLICACIÓN: | H10: =+'[1]610.1'!H10 -> 2023 - 1 JUNIO 2023
B12: ÍTEM DE PROYECTO PARTICULAR:
B13: ÍTEM DE LA PROPUESTA ECONÓMICA: | E13: □ | H13: ÍTEM NO PREVISTO: | J13: □ | K13: ÍTEM APU PARTICULAR: | M13: □
B14: UNIDAD EJECUTORA: | J14: DIRECCIÓN TERRITORIAL:
B17: CONTRATO No. | D17: FECHA:
B18: OBJETO DEL CONTRATO:
B21: CARRETERA: | J21: SECTOR:
B23: CONTRATISTA:
B25: INTERVENTOR: | K25: CONTRATO No. | M25: FECHA: | N25: ______________
B27: FECHA DE CIERRE DEL PROCESO DE SELECCIÓN DEL CONTRATO: | I27: / | J27: /
F28: (Día) | H28: (Día) | I28: (Mes) | J28: (Año)
B30: DATOS ESPECÍFICOS
B32: ÍTEM | C32: DESCRIPCIÓN | J32: GRUPO DE AJUSTE | L32: UNIDAD | N32: CANTIDAD
B33: 610.2 | C33: RELLENOS PARA ESTRUCTURAS CON RECEBO (Analizado sin preparacion de superficie base del relleno) | L33: m3
B35: I. EQUIPO
B37: CÓDIGO | C37: DESCRIPCIÓN | J37: TIPO | K37: TARIFA/HORA | L37: RENDIMIENTO | N37: Vr. UNITARIO
B38: C0010200 | C38: Compactador manual (saltarín) peso de operación (kg.) 52, fuerza de impacto por golpe (KN) 12 | K38: 15267.275 | L38: =1/2.737 -> 0.36536354 | N38: =K38*L38 -> 5578.1057
N39: =K39*L39 -> 0
N40: =K40*L40 -> 0
N41: =K41*L41 -> 0
N42: =K42*L42 -> 0
N43: =K43*L43 -> 0
N44: =K44*L44 -> 0
N45: =K45*L45 -> 0
N46: =K46*L46 -> 0
N47: =K47*L47 -> 0
N48: =K48*L48 -> 0
N49: =K49*L49 -> 0
N50: =K50*L50 -> 0
N51: =K51*L51 -> 0
C52: HERRAMIENTA MENOR (%) | L52: 0.05 | N52: =L52*N98 -> 510.95238
B53: SUBTOTAL $ | N53: =SUM(N38:N52) -> 6089.058
B55: II. MATERIALES
B57: CÓDIGO | C57: DESCRIPCIÓN | J57: UNIDAD | K57: CANTIDAD | L57: PRECIO UNIT. | N57: Vr. UNITARIO
B58: B0014373 | C58: Material de recebo para relleno | J58: m3 | K58: 1.3 | L58: 19709.314 | N58: =K58*L58 -> 25622.108
B59: B0063200 | C59: Agua | J59: L | K59: 45 | L59: 102.09992 | N59: =K59*L59 -> 4594.4963
N60: =K60*L60 -> 0
N61: =K61*L61 -> 0
N62: =K62*L62 -> 0
N63: =K63*L63 -> 0
N64: =K64*L64 -> 0
N65: =K65*L65 -> 0
N66: =K66*L66 -> 0
N67: =K67*L67 -> 0
N68: =K68*L68 -> 0
N69: =K69*L69 -> 0
N70: =K70*L70 -> 0
N71: =K71*L71 -> 0
N72: =K72*L72 -> 0
B73: SUBTOTAL $ | N73: =SUM(N58:N72) -> 30216.605
B75: III. TRANSPORTES
B77: CÓDIGO | C77: DESCRIPCIÓN | I77: UNIDAD | J77: CANTIDAD (1) | K77: DISTANCIA (2) | L77: (1) * (2) | M77: TARIFA | N77: Vr. UNITARIO
B78: T0010062 | C78: Transporte de material de relleno | I78: m3-km | J78: 1.3 | K78: 30 | L78: =J78*K78 -> 39 | M78: 1310.7404 | N78: =L78*M78 -> 51118.877
N79: =L79*M79 -> 0
N80: =L80*M80 -> 0
N81: =L81*M81 -> 0
N82: =L82*M82 -> 0
B83: SUBTOTAL $ | N83: =SUM(N78:N82) -> 51118.877
B85: IV. MANO DE OBRA
B87: CÓDIGO | C87: DESCRIPCIÓN | I87: JORNAL | J87: PRESTACIONES (%) | K87: JR. TOTAL | L87: RENDIMIENTO | N87: Vr. UNITARIO
B88: A0030030 | C88: Obrero (3) | I88: =K88/J88*100 -> 116000 | J88: 185 | K88: 214600 | L88: 21 | N88: =K88/L88 -> 10219.048
B98: SUBTOTAL $ | N98: =SUM(N88:N97) -> 10219.048
B100: TOTAL COSTO DIRECTO $ | N100: =N53+N73+N83+N98 -> 97643.587
B102: V. COSTOS INDIRECTOS
B104: DESCRIPCIÓN | K104: Porcentaje | L104: Valor Total
B105: ADMINISTRACION | K105: 0.21 | L105: =K105*N100 -> 20505.153
B106: IMPREVISTOS | K106: 0.05 | L106: =K106*N100 -> 4882.1793
B107: UTILIDAD | K107: 0.05 | L107: =K107*N100 -> 4882.1793
B108: SUBTOTAL $ | N108: =L105+L106+L107 -> 30269.512
B110: Precio Unitario Total Aproximado al Peso $ | N110: =ROUND(N100+N108,0) -> 127913
E115: Firma
E116: Nombre:
E117: Representante Legal del Contratista o su Apoderado
E118: Matricula No. :
B120: OBSERVACIONES INTERVENTORÍA:
B125: APROBACIÓN POR INTERVENTORÍA
B126: Nota 1: Cuando se trate de Análisis de precios unitarios correspondientes a ítems de la propuesta económica aprobada, el Interventor aprueba el desglose de los componentes manteniendo el mismo precio unitario de cada ítem, cumpliendo con las especificaciones de construcción vigentes para el proyecto.
B128: Nota 2: Cuando se trate de Análisis de precios unitarios de ítems no previstos, el Interventor aprueba el desglose y precio unitario de cada ítem no previsto, exigiendo la aplicación de los costos correspondientes a insumos y tarifas de la propuesta económica inicial cuando estén contemplados, cumpliendo con las especificaciones de construcción vigente para el proyecto.
E134: Firma
E135: Nombre:
E136: Representante Legal del Interventor o su Apoderado
E137: Matricula No. :
B139: NOTA: Los documentos publicados periódicamente son propiedad del Instituto Nacional de Vías. Su uso con fines comerciales o de lucro a cualquier título sin previa autorización, está totalmente prohibido y constituye una infracción a la normatividad vigente.

Sheet 630.1.4.1
K1: CÓDIGO | L1: FR-APU-1
C2: INSTITUTO NACIONAL DE VIAS
C3: ANÁLISIS DE PRECIOS UNITARIOS DE REFERENCIA REGIONALIZADOS | K3: VERSIÓN | L3: 2021
C5: ACTUALIZACIÓN PERIÓDICA | K5: PÁGINA
K8: FECHA
L9: (Día) | M9: (Mes) | N9: (Año)
B10: ÍTEM BASE DE APU DE REFERENCIA: | E10: ⊠ | F10: PUBLICACIÓN: | H10: =+'[1]630.1.3.2'!H10 -> 2023 - 1 JUNIO 2023
B12: ÍTEM DE PROYECTO PARTICULAR:
B13: ÍTEM DE LA PROPUESTA ECONÓMICA: | E13: □ | H13: ÍTEM NO PREVISTO: | J13: □ | K13: ÍTEM APU PARTICULAR: | M13: □
B14: UNIDAD EJECUTORA: | J14: DIRECCIÓN TERRITORIAL:
B17: CONTRATO No. | D17: FECHA:
B18: OBJETO DEL CONTRATO:
B21: CARRETERA: | J21: SECTOR:
B23: CONTRATISTA:
B25: INTERVENTOR: | K25: CONTRATO No. | M25: FECHA: | N25: ______________
B27: FECHA DE CIERRE DEL PROCESO DE SELECCIÓN DEL CONTRATO: | I27: / | J27: /
F28: (Día) | H28: (Día) | I28: (Mes) | J28: (Año)
B30: DATOS ESPECÍFICOS
B32: ÍTEM | C32: DESCRIPCIÓN | J32: GRUPO DE AJUSTE | L32: UNIDAD | N32: CANTIDAD
B33: 630.1.4.1 | C33: TIPO DE CONCRETO (Analizado para concreto reforzado resistencia 21 Mpa, mezcla in situ) | L33: m3
B35: I. EQUIPO
B37: CÓDIGO | C37: DESCRIPCIÓN | J37: TIPO | K37: TARIFA/HORA | L37: RENDIMIENTO | N37: Vr. UNITARIO
B38: C0010010 | C38: Aspersor manual de 20 litros | K38: 5275.2181 | L38: 1 | N38: =K38*L38 -> 5275.2181
B39: C0010922 | C39: Vibrador de concreto, potencia aproximada de 3 hp, mangueras de 4 a 6 metros | K39: 10356.073 | L39: 1 | N39: =K39*L39 -> 10356.073
B40: C0010550 | C40: Mezcladora de concreto tipo trompo | K40: 215894.77 | L40: 1 | N40: =K40*L40 -> 215894.77
N41: =K41*L41 -> 0
N42: =K42*L42 -> 0
N43: =K43*L43 -> 0
N44: =K44*L44 -> 0
N45: =K45*L45 -> 0
N46: =K46*L46 -> 0
N47: =K47*L47 -> 0
N48: =K48*L48 -> 0
N49: =K49*L49 -> 0
N50: =K50*L50 -> 0
N51: =K51*L51 -> 0
C52: HERRAMIENTA MENOR (%) | L52: 0.05 | N52: =L52*N98 -> 4336.7083
B53: SUBTOTAL $ | N53: =SUM(N38:N52) -> 235862.77
B55: II. MATERIALES
B57: CÓDIGO | C57: DESCRIPCIÓN | J57: UNIDAD | K57: CANTIDAD | L57: PRECIO UNIT. | N57: Vr. UNITARIO
B58: B0063290 | C58: Emulsion acuosa de parafina para curado de concreto, que evite la pérdida prematura de humedad de concretos y morteros | J58: kg | K58: 1 | L58: 7904.622 | N58: =K58*L58 -> 7904.622
B59: B021000 | C59: Formaleta de madera para concreto | J59: m2 | K59: 4.71 | L59: 24522.989 | N59: =K59*L59 -> 115503.28
B60: B0063200 | C60: Agua | J60: L | K60: 167.175 | L60: 102.09992 | N60: =K60*L60 -> 17068.554
B61: B0053103 | C61: Agregado grueso (grava, grava triturada y/o roca triturada) | J61: m3 | K61: 0.779 | L61: 81232.211 | N61: =K61*L61 -> 63279.892
B62: B0053101 | C62: Agregado fino para concreto (tamaño máximo 4,75mm - arena natural o trituración de roca, gravas, y/o escorias) | J62: m3 | K62: 0.585 | L62: 56738.934 | N62: =K62*L62 -> 33192.277
B63: B0103569 | C63: Cemento hidráulico NTC 121 tipo UG | J63: kg | K63: 358.925 | L63: 624.43059 | N63: =K63*L63 -> 224123.75
N64: =K64*L64 -> 0
N65: =K65*L65 -> 0
N66: =K66*L66 -> 0
N67: =K67*L67 -> 0
N68: =K68*L68 -> 0
N69: =K69*L69 -> 0
N70: =K70*L70 -> 0
N71: =K71*L71 -> 0
N72: =K72*L72 -> 0
B73: SUBTOTAL $ | N73: =SUM(N58:N72) -> 461072.37
B75: III. TRANSPORTES
B77: CÓDIGO | C77: DESCRIPCIÓN | I77: UNIDAD | J77: CANTIDAD (1) | K77: DISTANCIA (2) | L77: (1) * (2) | M77: TARIFA | N77: Vr. UNITARIO
B78: T0010400 | C78: Transporte de agregados | I78: m3-km | J78: =K61+K62 -> 1.364 | K78: 30 | L78: =J78*K78 -> 40.92 | M78: 1310.7404 | N78: =L78*M78 -> 53635.498
N79: =L79*M79 -> 0
N81: =L81*M81 -> 0
N82: =L82*M82 -> 0
B83: SUBTOTAL $ | N83: =SUM(N78:N82) -> 53635.498
B85: IV. MANO DE OBRA
B87: CÓDIGO | C87: DESCRIPCIÓN | I87: JORNAL | J87: PRESTACIONES (%) | K87: JR. TOTAL | L87: RENDIMIENTO | N87: Vr. UNITARIO
B88: A0030080 | C88: Obrero (8) | I88: =K88/J88*100 -> 309333.33 | J88: 185 | K88: 572266.67 | L88: 8 | N88: =K88/L88 -> 71533.333
B89: A0040010 | C89: Oficial | I89: =K89/J89*100 -> 65733.333 | J89: 185 | K89: 121606.67 | L89: 8 | N89: =K89/L89 -> 15200.833
B98: SUBTOTAL $ | N98: =SUM(N88:N97) -> 86734.167
B100: TOTAL COSTO DIRECTO $ | N100: =N53+N73+N83+N98 -> 837304.81
B102: V. COSTOS INDIRECTOS
B104: DESCRIPCIÓN | K104: Porcentaje | L104: Valor Total
B105: ADMINISTRACION | K105: 0.21 | L105: =K105*N100 -> 175834.01
B106: IMPREVISTOS | K106: 0.05 | L106: =K106*N100 -> 41865.24
B107: UTILIDAD | K107: 0.05 | L107: =K107*N100 -> 41865.24
B108: SUBTOTAL $ | N108: =L105+L106+L107 -> 259564.49
B110: Precio Unitario Total Aproximado al Peso $ | N110: =ROUND(N100+N108,0) -> 1096869
E115: Firma
E116: Nombre:
E117: Representante Legal del Contratista o su Apoderado
E118: Matricula No. :
B120: OBSERVACIONES INTERVENTORÍA:
B125: APROBACIÓN POR INTERVENTORÍA
B126: Nota 1: Cuando se trate de Análisis de precios unitarios correspondientes a ítems de la propuesta económica aprobada, el Interventor aprueba el desglose de los componentes manteniendo el mismo precio unitario de cada ítem, cumpliendo con las especificaciones de construcción vigentes para el proyecto.
B128: Nota 2: Cuando se trate de Análisis de precios unitarios de ítems no previstos, el Interventor aprueba el desglose y precio unitario de cada ítem no previsto, exigiendo la aplicación de los costos correspondientes a insumos y tarifas de la propuesta económica inicial cuando estén contemplados, cumpliendo con las especificaciones de construcción vigente para el proyecto.
E134: Firma
E135: Nombre:
E136: Representante Legal del Interventor o su Apoderado
E137: Matricula No. :
B139: NOTA: Los documentos publicados periódicamente son propiedad del Instituto Nacional de Vías. Su uso con fines comerciales o de lucro a cualquier título sin previa autorización, está totalmente prohibido y constituye una infracción a la normatividad vigente.

Sheet 630.1.6
K1: CÓDIGO | L1: FR-APU-1
C2: INSTITUTO NACIONAL DE VIAS
C3: ANÁLISIS DE PRECIOS UNITARIOS DE REFERENCIA REGIONALIZADOS | K3: VERSIÓN | L3: 2021
C5: ACTUALIZACIÓN PERIÓDICA | K5: PÁGINA
K8: FECHA
L9: (Día) | M9: (Mes) | N9: (Año)
B10: ÍTEM BASE DE APU DE REFERENCIA: | E10: ⊠ | F10: PUBLICACIÓN: | H10: =+'[1]630.1.5.1'!H10 -> 2023 - 1 JUNIO 2023
B12: ÍTEM DE PROYECTO PARTICULAR:
B13: ÍTEM DE LA PROPUESTA ECONÓMICA: | E13: □ | H13: ÍTEM NO PREVISTO: | J13: □ | K13: ÍTEM APU PARTICULAR: | M13: □
B14: UNIDAD EJECUTORA: | J14: DIRECCIÓN TERRITORIAL:
B17: CONTRATO No. | D17: FECHA:
B18: OBJETO DEL CONTRATO:
B21: CARRETERA: | J21: SECTOR:
B23: CONTRATISTA:
B25: INTERVENTOR: | K25: CONTRATO No. | M25: FECHA: | N25: ______________
B27: FECHA DE CIERRE DEL PROCESO DE SELECCIÓN DEL CONTRATO: | I27: / | J27: /
F28: (Día) | H28: (Día) | I28: (Mes) | J28: (Año)
B30: DATOS ESPECÍFICOS
B32: ÍTEM | C32: DESCRIPCIÓN | J32: GRUPO DE AJUSTE | L32: UNIDAD | N32: CANTIDAD
B33: 630.1.6 | C33: TIPO DE CONCRETO______ (Analizado para concreto liviano resistencia 14 Mpa, mezcla in situ) | L33: m3
B35: I. EQUIPO
B37: CÓDIGO | C37: DESCRIPCIÓN | J37: TIPO | K37: TARIFA/HORA | L37: RENDIMIENTO | N37: Vr. UNITARIO
B38: C0010550 | C38: Mezcladora de concreto tipo trompo | K38: 6250 | L38: =1/1 -> 1 | N38: =K38*L38 -> 6250
B39: C0010922 | C39: Vibrador de concreto, potencia aproximada de 3 hp, mangueras de 4 a 6 metros | K39: 10356.073 | L39: 1 | N39: =K39*L39 -> 10356.073
N40: =K40*L40 -> 0
N41: =K41*L41 -> 0
N42: =K42*L42 -> 0
N43: =K43*L43 -> 0
N44: =K44*L44 -> 0
N45: =K45*L45 -> 0
N46: =K46*L46 -> 0
N47: =K47*L47 -> 0
N48: =K48*L48 -> 0
N49: =K49*L49 -> 0
N50: =K50*L50 -> 0
N51: =K51*L51 -> 0
C52: HERRAMIENTA MENOR (%) | L52: 0.05 | N52: =L52*N98 -> 4336.7083
B53: SUBTOTAL $ | N53: =SUM(N38:N52) -> 20942.782
B55: II. MATERIALES
B57: CÓDIGO | C57: DESCRIPCIÓN | J57: UNIDAD | K57: CANTIDAD | L57: PRECIO UNIT. | N57: Vr. UNITARIO
B58: B0053103 | C58: Agregado grueso (grava, grava triturada y/o roca triturada) | J58: m3 | K58: 0.84 | L58: 81232.211 | N58: =K58*L58 -> 68235.057
B59: B0063200 | C59: Agua | J59: L | K59: 185 | L59: 102.09992 | N59: =K59*L59 -> 18888.485
B60: B0053101 | C60: Agregado fino para concreto (tamaño máximo 4,75mm - arena natural o trituración de roca, gravas, y/o escorias) | J60: m3 | K60: 0.63 | L60: 56738.934 | N60: =K60*L60 -> 35745.529
B61: B0103569 | C61: Cemento hidráulico NTC 121 tipo UG | J61: kg | K61: 260 | L61: 624.43059 | N61: =K61*L61 -> 162351.95
N62: =K62*L62 -> 0
N63: =K63*L63 -> 0
N64: =K64*L64 -> 0
N65: =K65*L65 -> 0
N66: =K66*L66 -> 0
N67: =K67*L67 -> 0
N68: =K68*L68 -> 0
N69: =K69*L69 -> 0
N70: =K70*L70 -> 0
N71: =K71*L71 -> 0
N72: =K72*L72 -> 0
B73: SUBTOTAL $ | N73: =SUM(N58:N72) -> 285221.02
B75: III. TRANSPORTES
B77: CÓDIGO | C77: DESCRIPCIÓN | I77: UNIDAD | J77: CANTIDAD (1) | K77: DISTANCIA (2) | L77: (1) * (2) | M77: TARIFA | N77: Vr. UNITARIO
B78: T0010400 | C78: Transporte de agregados | I78: m3-km | J78: =K58+K60 -> 1.47 | K78: 30 | L78: =J78*K78 -> 44.1 | M78: 1310.7404 | N78: =L78*M78 -> 57803.653
N80: =L80*M80 -> 0
N81: =L81*M81 -> 0
N82: =L82*M82 -> 0
B83: SUBTOTAL $ | N83: =SUM(N78:N82) -> 57803.653
B85: IV. MANO DE OBRA
B87: CÓDIGO | C87: DESCRIPCIÓN | I87: JORNAL | J87: PRESTACIONES (%) | K87: JR. TOTAL | L87: RENDIMIENTO | N87: Vr. UNITARIO
B88: A0030080 | C88: Obrero (8) | I88: =K88/J88*100 -> 309333.33 | J88: 185 | K88: 572266.67 | L88: 8 | N88: =K88/L88 -> 71533.333
B89: A0040010 | C89: Oficial | I89: =K89/J89*100 -> 65733.333 | J89: 185 | K89: 121606.67 | L89: 8 | N89: =K89/L89 -> 15200.833
B98: SUBTOTAL $ | N98: =SUM(N88:N97) -> 86734.167
B100: TOTAL COSTO DIRECTO $ | N100: =N53+N73+N83+N98 -> 450701.62
B102: V. COSTOS INDIRECTOS
B104: DESCRIPCIÓN | K104: Porcentaje | L104: Valor Total
B105: ADMINISTRACION | K105: 0.21 | L105: =K105*N100 -> 94647.341
B106: IMPREVISTOS | K106: 0.05 | L106: =K106*N100 -> 22535.081
B107: UTILIDAD | K107: 0.05 | L107: =K107*N100 -> 22535.081
B108: SUBTOTAL $ | N108: =L105+L106+L107 -> 139717.5
B110: Precio Unitario Total Aproximado al Peso $ | N110: =ROUND(N100+N108,0) -> 590419
E115: Firma
E116: Nombre:
E117: Representante Legal del Contratista o su Apoderado
E118: Matricula No. :
B120: OBSERVACIONES INTERVENTORÍA:
B125: APROBACIÓN POR INTERVENTORÍA
B126: Nota 1: Cuando se trate de Análisis de precios unitarios correspondientes a ítems de la propuesta económica aprobada, el Interventor aprueba el desglose de los componentes manteniendo el mismo precio unitario de cada ítem, cumpliendo con las especificaciones de construcción vigentes para el proyecto.
B128: Nota 2: Cuando se trate de Análisis de precios unitarios de ítems no previstos, el Interventor aprueba el desglose y precio unitario de cada ítem no previsto, exigiendo la aplicación de los costos correspondientes a insumos y tarifas de la propuesta económica inicial cuando estén contemplados, cumpliendo con las especificaciones de construcción vigente para el proyecto.
E134: Firma
E135: Nombre:
E136: Representante Legal del Interventor o su Apoderado
E137: Matricula No. :
B139: NOTA: Los documentos publicados periódicamente son propiedad del Instituto Nacional de Vías. Su uso con fines comerciales o de lucro a cualquier título sin previa autorización, está totalmente prohibido y constituye una infracción a la normatividad vigente.

Sheet 640.1
K1: CÓDIGO | L1: FR-APU-1
C2: INSTITUTO NACIONAL DE VIAS
C3: ANÁLISIS DE PRECIOS UNITARIOS DE REFERENCIA REGIONALIZADOS | K3: VERSIÓN | L3: 2021
C5: ACTUALIZACIÓN PERIÓDICA | K5: PÁGINA
K8: FECHA
L9: (Día) | M9: (Mes) | N9: (Año)
B10: ÍTEM BASE DE APU DE REFERENCIA: | E10: ⊠ | F10: PUBLICACIÓN: | H10: =+'[1]632.1.2'!H10 -> 2023 - 1 JUNIO 2023
B12: ÍTEM DE PROYECTO PARTICULAR:
B13: ÍTEM DE LA PROPUESTA ECONÓMICA: | E13: □ | H13: ÍTEM NO PREVISTO: | J13: □ | K13: ÍTEM APU PARTICULAR: | M13: □
B14: UNIDAD EJECUTORA: | J14: DIRECCIÓN TERRITORIAL:
B17: CONTRATO No. | D17: FECHA:
B18: OBJETO DEL CONTRATO:
B21: CARRETERA: | J21: SECTOR:
B23: CONTRATISTA:
B25: INTERVENTOR: | K25: CONTRATO No. | M25: FECHA: | N25: ______________
B27: FECHA DE CIERRE DEL PROCESO DE SELECCIÓN DEL CONTRATO: | I27: / | J27: /
F28: (Día) | H28: (Día) | I28: (Mes) | J28: (Año)
B30: DATOS ESPECÍFICOS
B32: ÍTEM | C32: DESCRIPCIÓN | J32: GRUPO DE AJUSTE | L32: UNIDAD | N32: CANTIDAD
B33: 640.1 | C33: ACERO DE REFUERZO fy = ________ MPa (Analizado para acero de refuerzo de Fy 4200 Mpa) | L33: kg
B35: I. EQUIPO
B37: CÓDIGO | C37: DESCRIPCIÓN | J37: TIPO | K37: TARIFA/HORA | L37: RENDIMIENTO | N37: Vr. UNITARIO
B38: C0010170 | C38: Cizalla manual de 90 cm (se sugiere hacer uso de la cortadora eléctrica | K38: 2728.3061 | L38: =1/38.125 -> 0.026229508 | N38: =K38*L38 -> 71.562126
N39: =K39*L39 -> 0
N40: =K40*L40 -> 0
N41: =K41*L41 -> 0
N42: =K42*L42 -> 0
N43: =K43*L43 -> 0
N44: =K44*L44 -> 0
N45: =K45*L45 -> 0
N46: =K46*L46 -> 0
N47: =K47*L47 -> 0
N48: =K48*L48 -> 0
N49: =K49*L49 -> 0
N50: =K50*L50 -> 0
N51: =K51*L51 -> 0
C52: HERRAMIENTA MENOR (%) | L52: 0.02 | N52: =L52*N98 -> 12.664918
B53: SUBTOTAL $ | N53: =SUM(N38:N52) -> 84.227044
B55: II. MATERIALES
B57: CÓDIGO | C57: DESCRIPCIÓN | J57: UNIDAD | K57: CANTIDAD | L57: PRECIO UNIT. | N57: Vr. UNITARIO
B58: B0020003 | C58: Acero de refuerzo PDR-60, Fy: 4200 kg/cm2 | J58: kg | K58: 1.051 | L58: 5500 | N58: =K58*L58 -> 5780.5
B59: B0073230 | C59: Alambre negro para amarre calibre 18 | J59: kg | K59: 0.0376 | L59: 8532.8067 | N59: =K59*L59 -> 320.83353
N60: =K60*L60 -> 0
N61: =K61*L61 -> 0
N62: =K62*L62 -> 0
N63: =K63*L63 -> 0
N64: =K64*L64 -> 0
N65: =K65*L65 -> 0
N66: =K66*L66 -> 0
N67: =K67*L67 -> 0
N68: =K68*L68 -> 0
N69: =K69*L69 -> 0
N70: =K70*L70 -> 0
N71: =K71*L71 -> 0
N72: =K72*L72 -> 0
B73: SUBTOTAL $ | N73: =SUM(N58:N72) -> 6101.3335
B75: III. TRANSPORTES
B77: CÓDIGO | C77: DESCRIPCIÓN | I77: UNIDAD | J77: CANTIDAD (1) | K77: DISTANCIA (2) | L77: (1) * (2) | M77: TARIFA | N77: Vr. UNITARIO
B78: T0100002 | C78: Transporte de acero | I78: kg-km | J78: =1.05 -> 1.05 | K78: 36 | L78: =J78*K78 -> 37.8 | M78: 0.77060748 | N78: =L78*M78 -> 29.128963
N79: =L79*M79 -> 0
N80: =L80*M80 -> 0
N81: =L81*M81 -> 0
N82: =L82*M82 -> 0
B83: SUBTOTAL $ | N83: =SUM(N78:N82) -> 29.128963
B85: IV. MANO DE OBRA
B87: CÓDIGO | C87: DESCRIPCIÓN | I87: JORNAL | J87: PRESTACIONES (%) | K87: JR. TOTAL | L87: RENDIMIENTO | N87: Vr. UNITARIO
B88: A0030010 | C88: Obrero | I88: =K88/J88*100 -> 38666.667 | J88: 185 | K88: 71533.333 | L88: 305 | N88: =K88/L88 -> 234.53552
B89: A0040010 | C89: Oficial | I89: =K89/J89*100 -> 65733.333 | J89: 185 | K89: 121606.67 | L89: 305 | N89: =K89/L89 -> 398.71038
B98: SUBTOTAL $ | N98: =SUM(N88:N97) -> 633.2459
B100: TOTAL COSTO DIRECTO $ | N100: =N53+N73+N83+N98 -> 6847.9354
B102: V. COSTOS INDIRECTOS
B104: DESCRIPCIÓN | K104: Porcentaje | L104: Valor Total
B105: ADMINISTRACION | K105: 0.21 | L105: =K105*N100 -> 1438.0664
B106: IMPREVISTOS | K106: 0.05 | L106: =K106*N100 -> 342.39677
B107: UTILIDAD | K107: 0.05 | L107: =K107*N100 -> 342.39677
B108: SUBTOTAL $ | N108: =L105+L106+L107 -> 2122.86
B110: Precio Unitario Total Aproximado al Peso $ | N110: =ROUND(N100+N108,0) -> 8971
E115: Firma
E116: Nombre:
E117: Representante Legal del Contratista o su Apoderado
E118: Matricula No. :
B120: OBSERVACIONES INTERVENTORÍA:
B125: APROBACIÓN POR INTERVENTORÍA
B126: Nota 1: Cuando se trate de Análisis de precios unitarios correspondientes a ítems de la propuesta económica aprobada, el Interventor aprueba el desglose de los componentes manteniendo el mismo precio unitario de cada ítem, cumpliendo con las especificaciones de construcción vigentes para el proyecto.
B128: Nota 2: Cuando se trate de Análisis de precios unitarios de ítems no previstos, el Interventor aprueba el desglose y precio unitario de cada ítem no previsto, exigiendo la aplicación de los costos correspondientes a insumos y tarifas de la propuesta económica inicial cuando estén contemplados, cumpliendo con las especificaciones de construcción vigente para el proyecto.
E134: Firma
E135: Nombre:
E136: Representante Legal del Interventor o su Apoderado
E137: Matricula No. :
B139: NOTA: Los documentos publicados periódicamente son propiedad del Instituto Nacional de Vías. Su uso con fines comerciales o de lucro a cualquier título sin previa autorización, está totalmente prohibido y constituye una infracción a la normatividad vigente.

Sheet 681.1
K1: CÓDIGO | L1: FR-APU-1
C2: INSTITUTO NACIONAL DE VIAS
C3: ANÁLISIS DE PRECIOS UNITARIOS DE REFERENCIA REGIONALIZADOS | K3: VERSIÓN | L3: 2021
C5: ACTUALIZACIÓN PERIÓDICA | K5: PÁGINA
K8: FECHA
L9: (Día) | M9: (Mes) | N9: (Año)
B10: ÍTEM BASE DE APU DE REFERENCIA: | E10: ⊠ | F10: PUBLICACIÓN: | H10: =+'[1]680.3'!H10 -> 2023 - 1 JUNIO 2023
B12: ÍTEM DE PROYECTO PARTICULAR:
B13: ÍTEM DE LA PROPUESTA ECONÓMICA: | E13: □ | H13: ÍTEM NO PREVISTO: | J13: □ | K13: ÍTEM APU PARTICULAR: | M13: □
B14: UNIDAD EJECUTORA: | J14: DIRECCIÓN TERRITORIAL:
B17: CONTRATO No. | D17: FECHA:
B18: OBJETO DEL CONTRATO:
B21: CARRETERA: | J21: SECTOR:
B23: CONTRATISTA:
B25: INTERVENTOR: | K25: CONTRATO No. | M25: FECHA: | N25: ______________
B27: FECHA DE CIERRE DEL PROCESO DE SELECCIÓN DEL CONTRATO: | I27: / | J27: /
F28: (Día) | H28: (Día) | I28: (Mes) | J28: (Año)
B30: DATOS ESPECÍFICOS
B32: ÍTEM | C32: DESCRIPCIÓN | J32: GRUPO DE AJUSTE | L32: UNIDAD | N32: CANTIDAD
B33: 681.1 | C33: GAVIONES O COLCHOGAVIONES DE MALLA DE ALAMBRE DE ACERO ENTRELAZADO ESTILO 1: RECUBRIMIENTO DE ZINC (GALVANIZADO) (analizado para gavion de vol 2m3 (2 modulo de celda de 1 mt x 1mt x 1mt)) | L33: m3
B35: I. EQUIPO
B37: CÓDIGO | C37: DESCRIPCIÓN | J37: TIPO | K37: TARIFA/HORA | L37: RENDIMIENTO | N37: Vr. UNITARIO
N38: =K38*L38 -> 0
N39: =K39*L39 -> 0
N40: =K40*L40 -> 0
N41: =K41*L41 -> 0
N42: =K42*L42 -> 0
N43: =K43*L43 -> 0
N44: =K44*L44 -> 0
N45: =K45*L45 -> 0
N46: =K46*L46 -> 0
N47: =K47*L47 -> 0
N48: =K48*L48 -> 0
N49: =K49*L49 -> 0
... N51: =K51*L51 -> 0
C52: HERRAMIENTA MENOR (%) | L52: 0.05 | N52: =L52*N98 -> 1681.0333
B53: SUBTOTAL $ | N53: =SUM(N38:N52) -> 1681.0333
B55: II. MATERIALES
B57: CÓDIGO | C57: DESCRIPCIÓN | J57: UNIDAD | K57: CANTIDAD | L57: PRECIO UNIT. | N57: Vr. UNITARIO
B58: B0014710 | C58: Piedra para gaviónes (entre 80mm y 200mm) | J58: m3 | K58: 1.4 | L58: 64503.21 | N58: =K58*L58 -> 90304.493
B59: B0073220 | C59: Alambre galvanizado calibre 12 | J59: kg | K59: 1.337 | L59: 12312.5 | N59: =K59*L59 -> 16461.812
B60: B021010 | C60: Formaleta para gaviones | J60: m2 | K60: 0.5 | L60: 14772.885 | N60: =K60*L60 -> 7386.4423
B61: B033002 | C61: Malla para gaviones clase 1 con zinc galvanizado (2m3) | J61: u | K61: 0.5 | L61: 162513.58 | N61: =K61*L61 -> 81256.791
N62: =K62*L62 -> 0
N63: =K63*L63 -> 0
N64: =K64*L64 -> 0
N65: =K65*L65 -> 0
N66: =K66*L66 -> 0
N67: =K67*L67 -> 0
N68: =K68*L68 -> 0
N69: =K69*L69 -> 0
N70: =K70*L70 -> 0
N71: =K71*L71 -> 0
N72: =K72*L72 -> 0
B73: SUBTOTAL $ | N73: =SUM(N58:N72) -> 195409.54
B75: III. TRANSPORTES
B77: CÓDIGO | C77: DESCRIPCIÓN | I77: UNIDAD | J77: CANTIDAD (1) | K77: DISTANCIA (2) | L77: (1) * (2) | M77: TARIFA | N77: Vr. UNITARIO
B78: T0010094 | C78: Transporte de piedra para gaviones | I78: m3-km | J78: 1.4 | K78: 30 | L78: =J78*K78 -> 42 | M78: 1310.7404 | N78: =L78*M78 -> 55051.098
N79: =L79*M79 -> 0
N80: =L80*M80 -> 0
N81: =L81*M81 -> 0
N82: =L82*M82 -> 0
B83: SUBTOTAL $ | N83: =SUM(N78:N82) -> 55051.098
B85: IV. MANO DE OBRA
B87: CÓDIGO | C87: DESCRIPCIÓN | I87: JORNAL | J87: PRESTACIONES (%) | K87: JR. TOTAL | L87: RENDIMIENTO | N87: Vr. UNITARIO
B88: A0030030 | C88: Obrero (3) | I88: =K88/J88*100 -> 116000 | J88: 185 | K88: 214600 | L88: 10 | N88: =K88/L88 -> 21460
B89: A0040010 | C89: Oficial | I89: =K89/J89*100 -> 65733.333 | J89: 185 | K89: 121606.67 | L89: 10 | N89: =K89/L89 -> 12160.667
B98: SUBTOTAL $ | N98: =SUM(N88:N97) -> 33620.667
B100: TOTAL COSTO DIRECTO $ | N100: =N53+N73+N83+N98 -> 285762.34
B102: V. COSTOS INDIRECTOS
B104: DESCRIPCIÓN | K104: Porcentaje | L104: Valor Total
B105: ADMINISTRACION | K105: 0.21 | L105: =K105*N100 -> 60010.091
B106: IMPREVISTOS | K106: 0.05 | L106: =K106*N100 -> 14288.117
B107: UTILIDAD | K107: 0.05 | L107: =K107*N100 -> 14288.117
B108: SUBTOTAL $ | N108: =L105+L106+L107 -> 88586.325
B110: Precio Unitario Total Aproximado al Peso $ | N110: =ROUND(N100+N108,0) -> 374349
E115: Firma
E116: Nombre:
E117: Representante Legal del Contratista o su Apoderado
E118: Matricula No. :
B120: OBSERVACIONES INTERVENTORÍA:
B125: APROBACIÓN POR INTERVENTORÍA
B126: Nota 1: Cuando se trate de Análisis de precios unitarios correspondientes a ítems de la propuesta económica aprobada, el Interventor aprueba el desglose de los componentes manteniendo el mismo precio unitario de cada ítem, cumpliendo con las especificaciones de construcción vigentes para el proyecto.
B128: Nota 2: Cuando se trate de Análisis de precios unitarios de ítems no previstos, el Interventor aprueba el desglose y precio unitario de cada ítem no previsto, exigiendo la aplicación de los costos correspondientes a insumos y tarifas de la propuesta económica inicial cuando estén contemplados, cumpliendo con las especificaciones de construcción vigente para el proyecto.
E134: Firma
E135: Nombre:
E136: Representante Legal del Interventor o su Apoderado
E137: Matricula No. :
B139: NOTA: Los documentos publicados periódicamente son propiedad del Instituto Nacional de Vías. Su uso con fines comerciales o de lucro a cualquier título sin previa autorización, está totalmente prohibido y constituye una infracción a la normatividad vigente.

Sheet 900.3.1
K1: CÓDIGO | L1: FR-APU-1
C2: INSTITUTO NACIONAL DE VIAS
C3: ANÁLISIS DE PRECIOS UNITARIOS DE REFERENCIA REGIONALIZADOS | K3: VERSIÓN | L3: 2021
C5: ACTUALIZACIÓN PERIÓDICA | K5: PÁGINA
K8: FECHA
L9: (Día) | M9: (Mes) | N9: (Año)
B10: ÍTEM BASE DE APU DE REFERENCIA: | E10: ⊠ | F10: PUBLICACIÓN: | H10: =+'[1]900.2.3'!H10 -> 2023 - 1 JUNIO 2023
B12: ÍTEM DE PROYECTO PARTICULAR:
B13: ÍTEM DE LA PROPUESTA ECONÓMICA: | E13: □ | H13: ÍTEM NO PREVISTO: | J13: □ | K13: ÍTEM APU PARTICULAR: | M13: □
B14: UNIDAD EJECUTORA: | J14: DIRECCIÓN TERRITORIAL:
B17: CONTRATO No. | D17: FECHA:
B18: OBJETO DEL CONTRATO:
B21: CARRETERA: | J21: SECTOR:
B23: CONTRATISTA:
B25: INTERVENTOR: | K25: CONTRATO No. | M25: FECHA: | N25: ______________
B27: FECHA DE CIERRE DEL PROCESO DE SELECCIÓN DEL CONTRATO: | I27: / | J27: /
F28: (Día) | H28: (Día) | I28: (Mes) | J28: (Año)
B30: DATOS ESPECÍFICOS
B32: ÍTEM | C32: DESCRIPCIÓN | J32: GRUPO DE AJUSTE | L32: UNIDAD | N32: CANTIDAD
B33: 900.3.1 | C33: TRANSPORTE DE MATERIALES PROVENIENTES DE DERRUMBES, MEDIDO A PARTIR DE CIEN METROS (100 m) (Analizado con volqueta de 6m3) | L33: m3 - Km
B35: I. EQUIPO
B37: CÓDIGO | C37: DESCRIPCIÓN | J37: TIPO | K37: TARIFA/HORA | L37: RENDIMIENTO | N37: Vr. UNITARIO
B38: C0010960 | C38: Volqueta 6 m3 | K38: 118649.37 | L38: =1/37 -> 0.027027027 | N38: =K38*L38 -> 3206.7396
N39: =K39*L39 -> 0
N40: =K40*L40 -> 0
N41: =K41*L41 -> 0
N42: =K42*L42 -> 0
N43: =K43*L43 -> 0
N44: =K44*L44 -> 0
N45: =K45*L45 -> 0
N46: =K46*L46 -> 0
N47: =K47*L47 -> 0
N48: =K48*L48 -> 0
N49: =K49*L49 -> 0
N50: =K50*L50 -> 0
N51: =K51*L51 -> 0
B53: SUBTOTAL $ | N53: =SUM(N38:N52) -> 3206.7396
B55: II. MATERIALES
B57: CÓDIGO | C57: DESCRIPCIÓN | J57: UNIDAD | K57: CANTIDAD | L57: PRECIO UNIT. | N57: Vr. UNITARIO
N58: =K58*L58 -> 0
N59: =K59*L59 -> 0
N60: =K60*L60 -> 0
N61: =K61*L61 -> 0
N62: =K62*L62 -> 0
N63: =K63*L63 -> 0
N64: =K64*L64 -> 0
N65: =K65*L65 -> 0
N66: =K66*L66 -> 0
N67: =K67*L67 -> 0
N68: =K68*L68 -> 0
N69: =K69*L69 -> 0
... N72: =K72*L72 -> 0
B73: SUBTOTAL $ | N73: =SUM(N58:N72) -> 0
B75: III. TRANSPORTES
B77: CÓDIGO | C77: DESCRIPCIÓN | I77: UNIDAD | J77: CANTIDAD (1) | K77: DISTANCIA (2) | L77: (1) * (2) | M77: TARIFA | N77: Vr. UNITARIO
N78: =L78*M78 -> 0
N79: =L79*M79 -> 0
N80: =L80*M80 -> 0
N81: =L81*M81 -> 0
N82: =L82*M82 -> 0
B83: SUBTOTAL $ | N83: =SUM(N78:N82) -> 0
B85: IV. MANO DE OBRA
B87: CÓDIGO | C87: DESCRIPCIÓN | I87: JORNAL | J87: PRESTACIONES (%) | K87: JR. TOTAL | L87: RENDIMIENTO | N87: Vr. UNITARIO
B98: SUBTOTAL $ | N98: =SUM(N88:N97) -> 0
B100: TOTAL COSTO DIRECTO $ | N100: =N53+N73+N83+N98 -> 3206.7396
B102: V. COSTOS INDIRECTOS
B104: DESCRIPCIÓN | K104: Porcentaje | L104: Valor Total
B105: ADMINISTRACION | K105: 0.21 | L105: =K105*N100 -> 673.41532
B106: IMPREVISTOS | K106: 0.05 | L106: =K106*N100 -> 160.33698
B107: UTILIDAD | K107: 0.05 | L107: =K107*N100 -> 160.33698
B108: SUBTOTAL $ | N108: =L105+L106+L107 -> 994.08928
B110: Precio Unitario Total Aproximado al Peso $ | N110: =ROUND(N100+N108,0) -> 4201
E115: Firma
E116: Nombre:
E117: Representante Legal del Contratista o su Apoderado
E118: Matricula No. :
B120: OBSERVACIONES INTERVENTORÍA:
B125: APROBACIÓN POR INTERVENTORÍA
B126: Nota 1: Cuando se trate de Análisis de precios unitarios correspondientes a ítems de la propuesta económica aprobada, el Interventor aprueba el desglose de los componentes manteniendo el mismo precio unitario de cada ítem, cumpliendo con las especificaciones de construcción vigentes para el proyecto.
B128: Nota 2: Cuando se trate de Análisis de precios unitarios de ítems no previstos, el Interventor aprueba el desglose y precio unitario de cada ítem no previsto, exigiendo la aplicación de los costos correspondientes a insumos y tarifas de la propuesta económica inicial cuando estén contemplados, cumpliendo con las especificaciones de construcción vigente para el proyecto.
E134: Firma
E135: Nombre:
E136: Representante Legal del Interventor o su Apoderado
E137: Matricula No. :
B139: NOTA: Los documentos publicados periódicamente son propiedad del Instituto Nacional de Vías. Su uso con fines comerciales o de lucro a cualquier título sin previa autorización, está totalmente prohibido y constituye una infracción a la normatividad vigente.
